 Dungeon Sprint DCSS version 0.19-a0-1732-g0b18a7b (webtiles) character file.

431 George the Fighter (level 6, 0/94 HPs)
             Began as a Minotaur Fighter on Sept 30, 2016.
             Was a Follower of Okawaru.
             Slain by a tengu warrior
             ... wielding a +1 dire flail of draining
              (6 damage)
             ... in the Dungeon (Sprint IX: "|||||||||||||||||||||||||||||").
             The game lasted 00:01:30 (529 turns).

George the Fighter (Minotaur Fighter)                Turns: 529, Time: 00:01:31

Health: 0/94       AC: 13    Str: 29    XL:     6   Next: 66%
Magic:  8/8        EV:  7    Int:  5    God:    Okawaru [*.....]
Gold:   0          SH: 11    Dex: 11    Spells: 0 memorised, 5 levels left

rFire  . . .     SeeInvis .     r - +2 scimitar (holy)
rCold  . . .     Gourm    .     s - +0 plate armour
rNeg   . . .     Faith    .     c - +0 shield
rPois  .         Spirit   .     (helmet restricted)
rElec  .         Dismiss  .     (no cloak)
rCorr  .         Reflect  .     (no gloves)
MR     .....     Harm     .     a - +0 pair of boots
Stlth  .......... NoTele   +    (no amulet)
                                t - +2 ring of evasion
                                b - +3 ring of strength

@: berserking, very heavily drained, very quick
A: retaliatory headbutt, horns 2
a: Heroism, Renounce Religion


You were in the Dungeon.
You worshipped Okawaru.
Okawaru was aware of your devotion.
You were not hungry.

You visited 1 branch

Inventory:

Hand Weapons
 q - a +2 rapier of electrocution
 r - a +2 scimitar of holy wrath (weapon)
Armour
 a - a +0 pair of boots (worn)
 c - a +0 shield (worn)
 s - a +0 plate armour (worn)
Jewellery
 b - a +3 ring of strength (left hand)
 t - a +2 ring of evasion (right hand)
Wands
 p - a wand of iceblast (7/15)
Scrolls
 k - 2 scrolls of blinking
 n - 3 scrolls of remove curse
 o - 2 scrolls of amnesia
Potions
 d - a potion of might
 e - 5 potions of curing
 g - 3 potions of heal wounds
 h - a potion of haste
 i - 4 potions of magic
 m - a potion of invisibility
Comestibles
 f - a bread ration
 l - 6 chunks of flesh


   Skills:
 + Level 9.0(5.5) Fighting
 + Level 8.5(5.0) Long Blades
 + Level 8.9(5.3) Armour
 + Level 9.0(5.4) Shields
 + Level 4.3(1.2) Invocations


You had 5 spell levels left.
You didn't know any spells.

Dungeon Overview and Level Annotations

Branches:
Dungeon (1/1)

Altars:
Cheibriados
Dithmenos
Elyvilon
Fedhas
Gozag
Hepliaklqana
Kikubaaqudgha
Makhleb
Nemelex Xobeh
Okawaru
Qazlal
Ru
Sif Muna
Trog
Uskayaw
Vehumet
Xom
Yredelemnul
Zin
The Shining One
Beogh
Jiyva
Lugonu


Innate Abilities, Weirdness & Mutations

You reflexively headbutt those who attack you in melee.
You have a pair of horns on your head.


Message History

* * * LOW HITPOINT WARNING * * *
You closely miss the tengu warrior.
The tengu warrior is severely wounded.
You closely miss the tengu warrior.
The tengu warrior is severely wounded.
The tengu warrior hits you with a dire flail of draining.
* * * LOW HITPOINT WARNING * * *
You feel drained.
The tengu warrior pecks you but does no damage.
You block the tengu warrior's attack.
You miss the tengu warrior.
The tengu warrior is severely wounded.
You block the tengu warrior's attack. The tengu warrior barely misses you.
The tengu warrior claws you but does no damage.
You slash the tengu warrior! You headbutt the tengu warrior.
The tengu warrior is almost dead.
You closely miss the tengu warrior.
The tengu warrior is almost dead.
The tengu warrior hits you with a dire flail of draining.
You die...

▓.▓
▓.▓
▓{▓
▓l▓
▓Z▓
▓a▓
▓Q▓
▓@▓
▓.▓
▓.▓
▓.▓
▓.▓
▓.▓
▓)▓
▓.▓
▓.▓


You could see a tengu warrior, a wyvern, a worker ant and a bat skeleton.

Vanquished Creatures
  A wyvern (D)
  An ice beast (D)
  An ogre (D)
  A jelly (D)
  2 worker ants (D)
  An adder (D)
  An ooze (D)
  2 dart slugs (D)
  2 orcs (D)
  A hobgoblin (D)
  A jackal (D)
  A kobold (D)
  A quokka (D)
  A rat (D)
17 creatures vanquished.

Notes
Turn   | Place    | Note
-------+----------+-------------------------------------------
     0 | D        | George the Minotaur Fighter began the quest for the Orb.
     0 | D        | Reached XP level 1. HP: 19/19 MP: 0/0
   220 | D        | Noticed an ice beast
   220 | D        | Noticed a worker ant
   222 | D        | Reached XP level 2. HP: 27/28 MP: 1/1
   228 | D        | Reached skill level 5 in Fighting
   228 | D        | Reached skill level 5 in Armour
   228 | D        | Reached skill level 5 in Shields
   228 | D        | Reached XP level 3. HP: 33/36 MP: 2/2
   238 | D        | Killed an ice beast
   238 | D        | Reached XP level 4. HP: 38/47 MP: 3/3
   238 | D        | Reached XP level 5. HP: 43/52 MP: 4/4
   247 | D        | Found a roughly hewn altar of Beogh.
   247 | D        | Found a snail-covered altar of Cheibriados.
   247 | D        | Found a shadowy altar of Dithmenos.
   247 | D        | Found a white marble altar of Elyvilon.
   247 | D        | Found a blossoming altar of Fedhas.
   247 | D        | Found an opulent altar of Gozag.
   248 | D        | Found a hazy altar of Hepliaklqana.
   249 | D        | Found a viscous altar of Jiyva.
   250 | D        | Found an ancient bone altar of Kikubaaqudgha.
   251 | D        | Found a corrupted altar of Lugonu.
   252 | D        | Found a burning altar of Makhleb.
   253 | D        | Found a sparkling altar of Nemelex Xobeh.
   254 | D        | Found an iron altar of Okawaru.
   255 | D        | Found a stormy altar of Qazlal.
   256 | D        | Found a sacrificial altar of Ru.
   257 | D        | Found a deep blue altar of Sif Muna.
   258 | D        | Found a bloodstained altar of Trog.
   259 | D        | Found a hide-covered altar of Uskayaw.
   260 | D        | Found a radiant altar of Vehumet.
   261 | D        | Found a shimmering altar of Xom.
   262 | D        | Found a basalt altar of Yredelemnul.
   264 | D        | Became a worshipper of Warmaster Okawaru
   309 | D        | Found a glowing silver altar of Zin.
   310 | D        | Found a glowing golden altar of the Shining One.
   364 | D        | Noticed a wyvern
   364 | D        | Noticed an ogre
   367 | D        | Killed an ogre
   375 | D        | Reached XP level 6. HP: 53/61 MP: 4/7
   379 | D        | Killed a wyvern
   379 | D        | Reached * piety under Okawaru
   500 | D        | Noticed a wyvern
   500 | D        | Noticed a tengu warrior
   529 | D        | Slain by a tengu warrior

Vault maps used:
D:        linesprint

Skill      XL: |  1  2  3  4  5  6 |
---------------+-------------------+-----
Shields        | 4 5 7 8 9 |  9.0
Fighting       | 4 5 7 8 9 |  9.0
Long Blades    | 3 4 6 7 8 |  8.5
Armour         | 4 5 6 8 |  8.9
Invocations    | 3 4 |  4.3

Action                   |  1- 3 |  4- 6 || total
-------------------------+-------+-------++-------
Melee: Long sword        |    38 |       ||    38
       Headbutt          |     7 |     8 ||    15
       Scimitar          |       |    46 ||    46
  Use: Potion            |       |     1 ||     1
Armor: Scale mail        |    15 |       ||    15
       Plate armour      |       |    30 ||    30
Dodge: Dodged            |     5 |    11 ||    16
Block: Shield            |    11 |    24 ||    35
